 Dungeon Crawl Stone Soup version 0.28-a0-938-gbc3f381ebc (webtiles) character file.

Game seed: 3561745766089831107

36 BryzzWind the Skirmisher (level 3, -2/29 HPs)
             Began as a Demonspawn Chaos Knight on Nov 28, 2021.
             Was a Plaything of Xom.
             Slain by a killer bee zombie (7 damage)
             ... on level 3 of the Dungeon.
             The game lasted 00:07:04 (2082 turns).

BryzzWind the Skirmisher (Demonspawn Chaos Knight)  Turns: 2082, Time: 00:07:05

Health: -2/29      AC:  2    Str: 12    XL:     3   Next: 19%
Magic:  3/3        EV: 12    Int: 13    God:    Xom [...*..]
Gold:   111        SH:  0    Dex: 13    Spells: 2/2 levels left

rFire   . . .      SeeInvis +     - Unarmed
rCold   . . .      Faith    .   (no shield)
rNeg    . . .      Spirit   .   d - +1 robe {Will+}
rPois   .          Reflect  .   (helmet restricted)
rElec   .          Harm     .   (no cloak)
rCorr   .          Rampage  .   (no gloves)
Will    +....                   (no boots)
Stlth   +.........              (no amulet)
HPRegen 0.09/turn               (no ring)
MPRegen 0.08/turn               (no ring)

@: no status effects
A: antennae 1, demonic magic 1, see invisible, deformed body, wild magic 1
a: Renounce Religion


You were on level 3 of the Dungeon.
You worshipped Xom.
You were a favourite toy of Xom.
You visited 1 branch of the dungeon, and saw 3 of its levels.

You collected 111 gold pieces.

Inventory:

Armour
 a - a +2 leather armour
 d - a +1 robe of willpower (worn)
Wands
 g - a wand of acid (9)
Scrolls
 b - a scroll of identify
 e - a scroll of blinking
 f - a scroll of enchant armour {unknown}
Potions
 c - 2 potions of curing


   Skills:
 * Level 3.6 Fighting
 - Level 1.7 Armour
 * Level 1.6 Dodging
 * Level 3.1 Unarmed Combat


You had 2 spell levels left.
You didn't know any spells.
Your spell library contained the following spells:

 Spells                   Type           Power      Damage    Failure   Level
 Portal Projectile        Hex/Tloc       0%         N/A       75%         3
 Blade Hands              Tmut           0%         N/A       100%        5
 Excruciating Wounds      Necr           0%         N/A       100%        5


Dungeon Overview and Level Annotations

Branches:
Dungeon (3/15)

Altars:


Innate Abilities, Weirdness & Mutations

You have a pair of small antennae on your head.
Spells you cast may paralyse adjacent enemies.
You have supernaturally acute eyesight. (SInv)
Armour fits poorly on your strangely shaped body.
Your spells are a little harder to cast, but a little more powerful.


Message History

You kill the frilled lizard! "Where it stops, nobody knows!"
Your surroundings suddenly seem different.
Found a scroll labelled LIREIT FEARO.
A killer bee zombie comes into view.
You see here a scroll labelled LIREIT FEARO.
You barely miss the killer bee zombie.
Your punch misses the killer bee zombie.
The killer bee zombie hits you.
You hit the killer bee zombie but do no damage.
The killer bee zombie closely misses you. x2
You hit the killer bee zombie.
The killer bee zombie is moderately damaged.
The killer bee zombie misses you. The killer bee zombie hits you!
You hit the killer bee zombie.
The killer bee zombie is moderately damaged.
The killer bee zombie closely misses you.
The killer bee zombie barely misses you.
You hit the killer bee zombie.
Your punch misses the killer bee zombie.
The killer bee zombie is heavily damaged.
The killer bee zombie hits you but does no damage.
You completely miss the killer bee zombie.
The killer bee zombie is heavily damaged.
The killer bee zombie hits you.
The killer bee zombie barely misses you.
You hit the killer bee zombie.
The killer bee zombie is heavily damaged.
The killer bee zombie barely misses you.
The killer bee zombie hits you.
* * * LOW HITPOINT WARNING * * *
You hit the killer bee zombie.
The killer bee zombie is severely damaged.
The killer bee zombie hits you.
* * * LOW HITPOINT WARNING * * *
You hit the killer bee zombie.
The killer bee zombie is almost destroyed.
The killer bee zombie hits you!
You die... "I guess I need a new plaything now."

...... ...... ### #... ......
..### ..#####... ..^...# ....
........... .......##
..####......#...
........######..........#.....
.....#..#.....................
..............................
............Z@..!.............
.....###..##.#................
.... #..##.#........>.......
... ##..#..#.#............. ..
......#.##............ #
...............)......
.....#......###<..#####
.....#...... #..## .
#.....###..# ..


You could see a killer bee zombie.

Vanquished Creatures
  An adder (D:2)
  A worm (D:2)
  5 bats
  A giant cockroach (D:2)
  3 goblins
  2 hobgoblins (D:1)
  2 kobolds (D:2)
  2 quokkas
  2 ball pythons (D:1)
  4 frilled lizards
  A rat (D:1)
24 creatures vanquished.

Notes
Turn   | Place    | Note
-------+----------+-------------------------------------------
     0 | D:1      | BryzzWind the Demonspawn Chaos Knight began the quest for
                  | the Orb.
     0 | D:1      | Reached XP level 1. HP: 18/18 MP: 1/1
     8 | D:1      | XOM: silly message
   197 | D:1      | Reached skill level 1 in Dodging
   289 | D:1      | XOM: give mutations
   289 | D:1      | Gained mutation: You have supernaturally acute eyesight.
                  | (SInv) [Xom's mischief]
   289 | D:1      | Gained mutation: You have hidden genetic potential. [Xom's
                  | mischief]
   383 | D:1      | XOM: 5-stop teleportation journey
   564 | D:1      | Gained mutation: You have a pair of small antennae on your
                  | head. [demonic ancestry]
   564 | D:1      | Reached XP level 2. HP: 21/24 MP: 2/2
   600 | D:1      | XOM: 1-stop teleportation journey
   983 | D:1      | Gained mutation: Your spells are a little harder to cast,
                  | but a little more powerful. [hidden potential]
   998 | D:1      | XOM: silly message
  1175 | D:2      | XOM: give mutations
  1175 | D:2      | Gained mutation: Armour fits poorly on your strangely
                  | shaped body. [Xom's mischief]
  1175 | D:2      | Lost mutation: You have hidden genetic potential. [Xom's
                  | mischief]
  1325 | D:2      | Found a faded altar of an unknown god.
  1581 | D:2      | XOM: god gift: potion of curing
  1687 | D:2      | Gained mutation: Spells you cast may paralyse adjacent
                  | enemies. [demonic ancestry]
  1687 | D:2      | Reached XP level 3. HP: 26/29 MP: 3/3
  2067 | D:3      | XOM: 1-stop teleportation journey
  2082 | D:3      | Slain by a killer bee zombie

Illustrated notes

Levels and vault maps discovered:
D:1:      ncdulo_watergridlock, layout_loops_corners, nrook_loot_triangle
D:2:      layout_loops_cross, hellmonk_ecumenical_altar_run_dry
D:3:      layout_rooms, grunt_decor_cap

Skill      XL: |  1  2 |
---------------+-------+-----
Dodging        | 1 |  1.6
Unarmed Combat | 3 |  3.1
Fighting       | |  3.6
Armour         | |  1.7

Action                   || total
-------------------------++-------
Melee: Unarmed           ||    95
  Use: Scroll            ||     4
       Potion            ||     3
 Stab: Sleeping          ||     2
Armor: Leather armour    ||    20
       Robe              ||     4
Dodge: Dodged            ||    48

Table legend: (Time is in decaauts)
 A = Elapsed time spent in this place.
 B = Non-inter-level travel time spent in this place.
 C = Inter-level travel time spent in this place.
 D = Time resting spent in this place.
 E = Time spent auto-exploring this place.
 F = Levels seen in this place.
 G = Mean time per level.
                   A        B        C        D        E       F      G
               +--------+--------+--------+--------+--------+-----+--------+
         Total |   2058 |   1954 |    104 |      0 |   1570 |   3 |  686.0 |
       Dungeon |   2058 |   1954 |    104 |      0 |   1570 |   3 |  686.0 |
               +--------+--------+--------+--------+--------+-----+--------+

Top non-repeatable levels by time:
     D:1: 1104 daAuts
     D:2: 710 daAuts
     D:3: 243 daAuts
